[Event "Titled Tuesday Blitz April 4 Early 2023"]
[White "Toktomushev, Teimur"]
[Black "Kiseleva, Arina"]
[WhiteFideId "14176726"]
[BlackFideId "4164989"]
[WhiteElo "2116"]
[BlackElo "1708"]
[Result "1-0"]
[Round "08"]
[TimeControl "180+2"]
[Date "2023.04.04"]
[WhiteClock "0:00:05"]
[BlackClock "0:00:01"]

1. d4 Nf6 2. c4 e6 3. Nf3 Bb4+ 4. Bd2 Bxd2+ 5. Qxd2 O-O 6. Nc3 d5 7. e3 Qe7 8. cxd5 exd5 9. Bd3 Nc6 10. h3 Rd8 11. a3 Ne4 12. Qc2 f5 13. O-O Qf7 14. Ne5 Nxe5 15. dxe5 c6 16. Ne2 Re8 17. f4 Qh5 18. Nd4 a6 19. b4 Bd7 20. a4 Rac8 21. Qb2 Qh4 22. Rf3 c5 23. bxc5 Nxc5 24. Bxf5 Bxf5 25. Nxf5 Qh5 26. Nd6 Nd3 27. Qd4 Rc2 28. Qxd3 1-0


[Site "https://www.chess.com"]

[Event "Titled Tuesday Blitz April 4 Early 2023"]
[White "HamedWafa4"]
[Black "Kornyukov, Alexey"]
[BlackFideId "4150457"]
[WhiteElo "2363"]
[BlackElo "2352"]
[Result "1-0"]
[Round "08"]
[TimeControl "180+2"]
[Date "2023.04.04"]
[WhiteClock "0:02:05"]
[BlackClock "0:00:27"]

1. e4 c5 2. Nf3 Nc6 3. d4 cxd4 4. Nxd4 e5 5. Nb5 a6 6. Nd6+ Bxd6 7. Qxd6 Qe7 8. Qd1 Nf6 9. Nc3 d6 10. Bc4 Be6 11. Bb3 O-O 12. Bg5 h6 13. Bh4 Nd4 14. O-O Bxb3 15. axb3 Qe6 16. f4 Nb5 17. fxe5 Nxc3 18. bxc3 dxe5 19. Bxf6 gxf6 20. Qh5 Kh7 21. Rf5 Rg8 22. Raf1 Rg6 23. g3 Rag8 24. Qf3 Qb6+ 25. Kg2 Qd6 26. Rxf6 Rxf6 27. Qxf6 Qd2+ 28. Rf2 Qe3 29. Qf5+ Kh8 30. Qxe5+ Rg7 31. Rxf7 Qe2+ 32. Rf2 Qe3 33. Rf8+ Kh7 34. Qf5+ Rg6 35. Rf7+ Kh8 36. Qe5+ Kg8 37. Qe8# 1-0


[Site "https://www.chess.com"]

[Event "Titled Tuesday Blitz April 4 Early 2023"]
[White "Pranav Anand"]
[Black "Yonal, Timur"]
[WhiteFideId "46626786"]
[BlackFideId "44115725"]
[WhiteElo "2389"]
[BlackElo "1966"]
[Result "1-0"]
[Round "08"]
[TimeControl "180+2"]
[Date "2023.04.04"]
[WhiteClock "0:02:03"]
[BlackClock "0:00:42"]

1. Nf3 d5 2. g3 c5 3. Bg2 Nc6 4. O-O e6 5. d3 Bd6 6. Nbd2 Nge7 7. e4 O-O 8. Re1 f6 9. a4 a6 10. Nf1 Bd7 11. h4 b5 12. h5 Ne5 13. Nh4 f5 14. exd5 exd5 15. Bf4 Qc7 16. h6 N7g6 17. hxg7 Kxg7 18. Nxg6 hxg6 19. Bxd5 Rh8 20. axb5 a5 21. c3 Bxb5 22. d4 Ng4 23. Bxd6 Qxd6 24. Qf3 Bxf1 25. Bxa8 Bc4 26. dxc5 Qf6 27. Rad1 Qg5 28. Rd7+ Kh6 29. Qh1+ Qh5 30. Qxh5+ Kxh5 31. Bf3 Kg5 32. c6 Nh2 33. Bg2 Bf1 34. Rxf1 1-0


[Site "https://www.chess.com"]

[Event "Titled Tuesday Blitz April 4 Early 2023"]
[White "Averjanov, Alexey"]
[Black "Kohler, Aran"]
[WhiteFideId "14109867"]
[BlackFideId "1002856"]
[WhiteElo "2671"]
[BlackElo "2295"]
[Result "1-0"]
[Round "08"]
[TimeControl "180+2"]
[Date "2023.04.04"]
[WhiteClock "0:01:34"]
[BlackClock "0:00:29"]

1. d4 d5 2. c4 c6 3. e3 Nf6 4. Bd3 dxc4 5. Bxc4 b5 6. Bd3 Bb7 7. Nf3 Nbd7 8. O-O a6 9. e4 e6 10. Nbd2 c5 11. e5 Nd5 12. Ne4 Qb6 13. dxc5 Nxc5 14. Nxc5 Bxc5 15. Qe2 h6 16. a3 b4 17. Bd2 a5 18. Rfc1 Be7 19. Rc4 Ba6 20. Rg4 Bxd3 21. Qxd3 g5 22. axb4 Nxb4 23. Bxb4 Bxb4 24. h4 Rd8 25. Qe2 Be7 26. h5 Rd5 27. Rc1 O-O 28. Rgc4 Rc5 29. Rxc5 Bxc5 30. Nh2 Rb8 31. Ng4 Bf8 32. Nf6+ Kg7 33. Qd3 Bc5 34. Qh7+ Kf8 35. Nd7+ 1-0


[Site "https://www.chess.com"]

[Event "Titled Tuesday Blitz April 4 Early 2023"]
[White "Estremera Panos, Sergio"]
[Black "EREBUNI91"]
[WhiteFideId "2200864"]
[WhiteElo "2253"]
[BlackElo "2633"]
[Result "0-1"]
[Round "08"]
[TimeControl "180+2"]
[Date "2023.04.04"]
[WhiteClock "0:02:25"]
[BlackClock "0:01:45"]

1. d4 Nf6 2. c4 b6 3. Nc3 Bb7 4. f3 d5 5. cxd5 Nxd5 6. e4 Nxc3 7. bxc3 e6 8. Bd3 Be7 9. Ne2 O-O 10. O-O c5 11. Be3 cxd4 12. cxd4 Nc6 13. f4 Rc8 14. e5 Nb4 15. f5 Nxd3 16. Qxd3 exf5 17. Qxf5 Qd5 18. Nf4 Qe4 19. Qxe4 Bxe4 20. d5 Bg5 21. d6 Rc3 22. Rae1 Bc6 23. e6 fxe6 24. Nxe6 Rxf1+ 25. Rxf1 Bxe3+ 26. Kh1 Rc1 27. Rxc1 Bxc1 28. Nd8 Bd7 29. Nb7 0-1


[Site "https://www.chess.com"]

[Event "Titled Tuesday Blitz April 4 Early 2023"]
[White "Kozin, Yuri"]
[Black "Levitan, Caleb Levi"]
[WhiteFideId "4129920"]
[BlackFideId "14332620"]
[WhiteElo "2552"]
[BlackElo "1963"]
[Result "1-0"]
[Round "08"]
[TimeControl "180+2"]
[Date "2023.04.04"]
[WhiteClock "0:00:11"]
[BlackClock "0:00:05"]

1. e4 e5 2. Nf3 Nc6 3. Bb5 a6 4. Ba4 Nf6 5. O-O Bc5 6. d3 b5 7. Bb3 O-O 8. Be3 Bxe3 9. fxe3 d6 10. Nc3 Be6 11. Qe1 h6 12. Qh4 Ne7 13. Qg3 Bxb3 14. axb3 Ng6 15. Qh3 d5 16. exd5 Nxd5 17. Nxd5 Qxd5 18. Qf5 Qc5 19. d4 Qc6 20. dxe5 Qc5 21. Qe4 Rfe8 22. e6 f5 23. Qd3 Rad8 24. Nd4 Qe7 25. Qxf5 Nf8 26. Rxa6 c5 27. Nc6 Qxe6 28. Nxd8 Qxe3+ 29. Kh1 Rxd8 30. Qf7+ Kh7 31. Qf5+ Kh8 32. Rd6 Rxd6 33. Qxf8+ Kh7 34. Qxd6 Qe2 35. Qd3+ Qxd3 36. cxd3 Kg6 37. Rc1 Kf5 38. Rxc5+ Kf4 39. Rxb5 g5 40. d4 g4 41. d5 g3 42. hxg3+ Kxg3 43. d6 h5 44. d7 h4 45. d8=Q h3 46. Qg5+ Kf2 47. Rf5+ Ke2 48. Qg4+ Kd2 49. Qd4+ Kc2 50. Rf2+ Kb1 51. Qd1+ Ka2 52. Qd3 hxg2+ 53. Kxg2 Ka1 54. b4 Ka2 55. b5 Ka1 56. b6 Ka2 57. b4+ 1-0


[Site "https://www.chess.com"]

[Event "Titled Tuesday Blitz April 4 Early 2023"]
[White "Thecourseoisildur"]
[Black "Rose, Felix"]
[BlackFideId "5105722"]
[WhiteElo "2490"]
[BlackElo "2039"]
[Result "1-0"]
[Round "08"]
[TimeControl "180+2"]
[Date "2023.04.04"]
[WhiteClock "0:01:07"]
[BlackClock "0:00:12"]

1. e4 c5 2. Nf3 g6 3. d4 cxd4 4. Qxd4 Nf6 5. Nc3 Nc6 6. Qa4 d6 7. e5 dxe5 8. Nxe5 Bd7 9. Nxd7 Nxd7 10. Bb5 Bg7 11. Bxc6 bxc6 12. Qxc6 O-O 13. O-O Rc8 14. Qa6 Bxc3 15. bxc3 Qb6 16. Qa3 Qc5 17. Qxc5 Nxc5 18. Ba3 Rc6 19. Rab1 Rfc8 20. Bxc5 Rxc5 21. Rb7 R8c7 22. Rfb1 Rxc3 23. Rxc7 Rxc7 24. Rb2 a5 25. Kf1 Kg7 26. Ke2 a4 27. Kd3 e5 28. Rb4 Rd7+ 29. Ke3 Rc7 30. Kd2 Rd7+ 31. Kc1 Ra7 32. Kb2 f5 33. Ka3 Rd7 34. c4 Rd2 35. Rb2 Rd4 36. Rc2 e4 37. c5 f4 38. c6 Rd8 39. Kxa4 Kf6 40. Kb5 Ke5 41. c7 Rc8 42. Kc6 Kd4 43. Kb7 Rxc7+ 44. Kxc7 Kd3 45. Rc6 e3 46. fxe3 fxe3 47. Re6 e2 48. Rxe2 Kxe2 49. a4 Kf2 50. a5 Kxg2 51. a6 Kxh2 52. a7 g5 53. a8=Q g4 54. Qh8 g3 55. Qxh7+ Kg1 56. Kd6 g2 57. Ke5 Kf1 58. Qf5+ Ke2 59. Qg4+ Kf1 60. Qf3+ Kg1 61. Kf4 Kh2 62. Qg3+ Kh1 63. Qh3+ Kg1 64. Kf3 1-0


[Site "https://www.chess.com"]

[Event "Titled Tuesday Blitz April 4 Early 2023"]
[White "Erzhanov, Arman"]
[Black "Antonio, Jorge Carlos"]
[WhiteFideId "4138821"]
[BlackFideId "113190"]
[WhiteElo "2138"]
[BlackElo "2247"]
[Result "1-0"]
[Round "08"]
[TimeControl "180+2"]
[Date "2023.04.04"]
[WhiteClock "0:00:18"]
[BlackClock "0:00:01"]

1. e4 c5 2. Nf3 e6 3. b3 Nc6 4. Bb5 Nge7 5. Bb2 a6 6. Bxc6 Nxc6 7. O-O b5 8. c4 bxc4 9. bxc4 d6 10. d3 e5 11. Nc3 Be7 12. Nd5 O-O 13. Nd2 Bg5 14. f4 exf4 15. Nxf4 Bxf4 16. Rxf4 Rb8 17. Bc3 Ne5 18. Nf3 Ng6 19. Rf5 Bxf5 20. exf5 Nf4 21. f6 Re8 22. Kh1 Qd7 23. Bd2 Nxd3 24. Qf1 Qf5 25. fxg7 Rb2 26. a4 Rxd2 27. Nxd2 Qxf1+ 28. Nxf1 Nb2 29. Nd2 Re2 30. Nf3 Nxc4 31. Kg1 d5 32. Rb1 Rb2 33. Re1 d4 34. Nh4 Kxg7 35. Nf5+ Kf6 36. Ng3 Nd6 37. Rf1+ Ke7 38. Rd1 Ke6 39. Nh5 Kd5 40. Nf4+ Kc4 41. Rc1+ Kb4 42. Nd3+ Kb3 43. Nxb2 Kxb2 44. Rxc5 d3 45. Rd5 Kc2 46. Kf2 d2 47. Ke2 Nc4 48. Rd4 Kc3 49. Rd3+ Kc2 50. g4 Kc1 51. g5 1-0


[Site "https://www.chess.com"]

[Event "Titled Tuesday Blitz April 4 Early 2023"]
[White "Makhmudov, Shukhrat"]
[Black "KorolDimitriy75"]
[WhiteFideId "14200775"]
[WhiteElo "2135"]
[BlackElo "2436"]
[Result "1-0"]
[Round "08"]
[TimeControl "180+2"]
[Date "2023.04.04"]
[WhiteClock "0:01:19"]
[BlackClock "0:00:01"]

1. e4 c5 2. Nf3 d6 3. d4 cxd4 4. Nxd4 Nf6 5. Nc3 g6 6. Bg5 Bg7 7. Qd2 O-O 8. Bh6 Nc6 9. Nxc6 bxc6 10. h4 Qa5 11. h5 Be6 12. Bxg7 Kxg7 13. hxg6 fxg6 14. a3 Rab8 15. O-O-O Qb6 16. b3 Qa5 17. Kb2 Kg8 18. Nd5 Qxd2 19. Nxf6+ Rxf6 20. Rxd2 d5 21. Bd3 Rbf8 22. f3 Kg7 23. Re1 R6f7 24. exd5 Bd7 25. Bc4 c5 26. d6 exd6 27. Bxf7 Rxf7 28. Rxd6 Bf5 29. Re5 c4 30. b4 h5 31. Kc3 Rc7 32. Rd4 Kf6 33. Re3 Be6 34. Rd6 1-0


[Site "https://www.chess.com"]

[Event "Titled Tuesday Blitz April 4 Early 2023"]
[White "Zaichenko, Daria"]
[Black "Omariev, Maksim"]
[WhiteFideId "4197453"]
[BlackFideId "4193423"]
[WhiteElo "2039"]
[BlackElo "2406"]
[Result "0-1"]
[Round "08"]
[TimeControl "180+2"]
[Date "2023.04.04"]
[WhiteClock "0:00:04"]
[BlackClock "0:00:04"]

1. e4 h5 2. d4 h4 3. h3 d6 4. f4 e5 5. f5 exd4 6. Qxd4 Nc6 7. Qd1 Be7 8. Nf3 Bf6 9. c3 Qe7 10. Bd3 Bxf5 11. Qe2 Bg6 12. Be3 O-O-O 13. Nbd2 Kb8 14. O-O-O Ne5 15. Bc2 Qd7 16. Nxe5 Bxe5 17. Nc4 Bg3 18. e5 Bh5 19. Qd3 Bxd1 20. Rxd1 Ne7 21. exd6 Bxd6 22. Na5 Rh5 23. b4 Nd5 24. Bf2 Nb6 25. Qf3 Rxa5 26. bxa5 Nc4 27. Bb3 Nxa5 28. Bxh4 Nxb3+ 29. axb3 f6 30. Kc2 g5 31. Bg3 Qh7+ 32. Kb2 Qe7 33. Bxd6 Rxd6 34. Rxd6 Qxd6 35. Qe3 a5 36. g4 Qe5 37. Qd3 b6 38. Kc2 Kb7 39. Qf3+ c6 40. Qd3 b5 41. c4 Kb6 42. cxb5 cxb5 43. Qd8+ Qc7+ 44. Qxc7+ Kxc7 45. Kc3 Kc6 46. Kd4 Kd6 47. Ke4 Kc5 48. Kf5 a4 0-1


[Site "https://www.chess.com"]

[Event "Titled Tuesday Blitz April 4 Early 2023"]
[White "babbilator"]
[Black "Goncalves, Davi Sulzbacher"]
[BlackFideId "2154510"]
[WhiteElo "2255"]
[BlackElo "2182"]
[Result "1-0"]
[Round "08"]
[TimeControl "180+2"]
[Date "2023.04.04"]
[WhiteClock "0:01:02"]
[BlackClock "0:02:20"]

1. e4 c5 2. Nc3 e6 3. Nf3 d5 4. exd5 exd5 5. Bb5+ Nc6 6. d4 Nf6 7. O-O Be7 8. Ne5 O-O 9. Bxc6 bxc6 10. Nxc6 Qc7 11. Nxe7+ Qxe7 12. Bg5 h6 13. Nxd5 Qd6 14. Nxf6+ Kh8 15. Qh5 Bf5 16. Bxh6 Bg6 17. Qh4 1-0


[Site "https://www.chess.com"]

[Event "Titled Tuesday Blitz April 4 Early 2023"]
[White "De Souza, Cristiano Gomes"]
[Black "Ramirez Vido, Robert Yorisan"]
[WhiteFideId "2151758"]
[BlackFideId "3513823"]
[WhiteElo "2068"]
[BlackElo "2396"]
[Result "0-1"]
[Round "08"]
[TimeControl "180+2"]
[Date "2023.04.04"]
[WhiteClock "0:00:18"]
[BlackClock "0:00:49"]

1. d4 g6 2. c4 Nf6 3. Nf3 Bg7 4. Nc3 O-O 5. e4 d6 6. Be2 Na6 7. O-O e5 8. d5 Nc5 9. Nd2 a5 10. Qc2 Bd7 11. b3 Ne8 12. Bb2 f5 13. f3 f4 14. a3 g5 15. b4 axb4 16. axb4 Na6 17. Qb3 h5 18. Ra2 g4 19. fxg4 hxg4 20. Rfa1 Rb8 21. Ba3 Qh4 22. Nb5 f3 23. gxf3 g3 24. Nf1 gxh2+ 25. Nxh2 Bh6 26. Bf1 Kf7 27. Kh1 Nf6 28. c5 Bf4 29. cxd6 Rh8 30. dxc7 Qxh2+ 31. Rxh2 Rxh2+ 32. Kg1 Rg8+ 33. Bg2 Rgxg2+ 34. Kf1 Bxb5+ 0-1


[Site "https://www.chess.com"]

[Event "Titled Tuesday Blitz April 4 Early 2023"]
[White "Okike, David"]
[Black "EdmundPlayer"]
[WhiteFideId "8500134"]
[WhiteElo "2232"]
[BlackElo "2235"]
[Result "1-0"]
[Round "08"]
[TimeControl "180+2"]
[Date "2023.04.04"]
[WhiteClock "0:01:01"]
[BlackClock "0:00:03"]

1. e4 c6 2. d4 d5 3. e5 c5 4. dxc5 e6 5. a3 Bxc5 6. b4 Bf8 7. Nf3 Ne7 8. Bb2 Nbc6 9. Nbd2 Nf5 10. Bd3 Nh4 11. O-O Be7 12. c4 Nxf3+ 13. Nxf3 dxc4 14. Bxc4 Qxd1 15. Raxd1 Bd7 16. Rd2 O-O-O 17. Rc1 Kb8 18. Rcd1 Bc8 19. Bc3 a6 20. h4 b5 21. Bd3 h6 22. Be4 Bb7 23. Rd7 Rhe8 24. R1d2 Kc8 25. Rxb7 Kxb7 26. Nd4 Rd5 27. Bxd5 exd5 28. Nf5 d4 29. Nxd4 Nxe5 30. Nf5 Nc4 31. Rd7+ Kc6 32. Rxe7 Rxe7 33. Nxe7+ Kd7 34. Nd5 Nxa3 35. Bxg7 Ke6 36. Nc7+ Kf5 37. Nxa6 Ke4 38. Bxh6 Nc2 39. Bf8 1-0


[Site "https://www.chess.com"]

[Event "Titled Tuesday Blitz April 4 Early 2023"]
[White "Skaric, Djuro"]
[Black "Torres Hernandez, Leslie Carolin"]
[WhiteFideId "934569"]
[BlackFideId "8400504"]
[WhiteElo "2282"]
[BlackElo "1920"]
[Result "1-0"]
[Round "08"]
[TimeControl "180+2"]
[Date "2023.04.04"]
[WhiteClock "0:02:41"]
[BlackClock "0:02:08"]

1. g3 Nf6 2. Bg2 e6 3. d3 d5 4. Nf3 Be7 5. O-O O-O 6. Nc3 c5 7. e4 d4 8. Ne2 Nc6 9. h3 e5 10. Ne1 Nd7 11. f4 f6 12. f5 b5 13. Rf2 c4 14. Bf1 cxd3 15. cxd3 Nc5 16. g4 b4 17. h4 a5 18. Rg2 Kh8 19. Ng3 a4 20. Nh1 b3 21. a3 Ba6 22. Nf2 Rc8 23. Nh3 Qb6 24. g5 Qb5 25. g6 Nxe4 26. Qh5 1-0


[Site "https://www.chess.com"]

[Event "Titled Tuesday Blitz April 4 Early 2023"]
[White "Grabinsky, Vladimir"]
[Black "Ai, Evan"]
[WhiteFideId "14107074"]
[BlackFideId "2094770"]
[WhiteElo "2027"]
[BlackElo "1963"]
[Result "1-0"]
[Round "08"]
[TimeControl "180+2"]
[Date "2023.04.04"]
[WhiteClock "0:00:06"]
[BlackClock "0:00:07"]

1. e4 e5 2. Nf3 Nc6 3. d4 exd4 4. c3 dxc3 5. Nxc3 d6 6. Bc4 Bg4 7. Qb3 Qd7 8. Qxb7 Rb8 9. Qa6 Rb6 10. Qa4 Rb4 11. Bxf7+ Kxf7 12. Qc2 Bxf3 13. gxf3 Nd4 14. Qd3 c5 15. Nd5 Rb8 16. Be3 Nxf3+ 17. Ke2 Ne5 18. Qa6 Rxb2+ 19. Ke1 Nf3+ 20. Kd1 Ne7 21. Nf4 d5 22. exd5 Nxd5 23. Qc4 Rb6 24. Nxd5 Rd6 25. Qf4+ Kg8 26. Qxf3 Rxd5+ 27. Ke1 c4 28. Rg1 Bb4+ 29. Kf1 h5 30. Rg6 Qf5 31. Qxf5 Rxf5 32. Rc6 Kh7 33. Rxc4 Bd6 34. h3 a5 35. Rd1 Bb4 36. Rd7 Rhf8 37. Rcc7 Rf3 38. Rxg7+ Kh8 39. Rh7+ 1-0


[Site "https://www.chess.com"]

[Event "Titled Tuesday Blitz April 4 Early 2023"]
[White "Sankalan Shah"]
[Black "Todorovic, Bojan"]
[WhiteFideId "25600362"]
[BlackFideId "917087"]
[WhiteElo "2118"]
[BlackElo "2266"]
[Result "0-1"]
[Round "08"]
[TimeControl "180+2"]
[Date "2023.04.04"]
[WhiteClock "0:00:18"]
[BlackClock "0:00:11"]

1. Nf3 g6 2. c4 Bg7 3. d4 d6 4. Nc3 Nf6 5. e4 O-O 6. h3 c5 7. d5 e6 8. Be3 exd5 9. exd5 Bf5 10. Be2 Ne4 11. Nxe4 Bxe4 12. Qd2 Bxf3 13. Bxf3 Nd7 14. O-O Ne5 15. Be2 f5 16. f4 Nf7 17. Rab1 Re8 18. Bf2 a6 19. a3 Re7 20. Bh4 Bd4+ 21. Kh1 Rxe2 22. Qxe2 Qxh4 23. b4 b6 24. bxc5 Bxc5 25. a4 a5 26. Rbe1 Qf6 27. Qd3 Qd4 28. Qc2 Rc8 29. Re6 Bb4 30. Qe2 Qxc4 31. Re8+ Kg7 32. Qxc4 Rxc4 33. Rb8 Bc5 34. Re1 Re4 35. Rxe4 fxe4 36. Re8 Nh6 37. g4 Ng8 38. Rxe4 Kf7 39. g5 Ne7 40. Kg2 Nxd5 41. Kf3 Ne7 42. Kg4 d5 43. Re1 d4 44. Rd1 Nd5 45. h4 Ne3+ 0-1


[Site "https://www.chess.com"]

[Event "Titled Tuesday Blitz April 4 Early 2023"]
[White "Kujawski, Adam"]
[Black "Ciuffoletti, Paolo"]
[WhiteFideId "1100920"]
[BlackFideId "807630"]
[WhiteElo "2054"]
[BlackElo "2143"]
[Result "1-0"]
[Round "08"]
[TimeControl "180+2"]
[Date "2023.04.04"]
[WhiteClock "0:00:08"]
[BlackClock "0:00:11"]

1. e4 c5 2. Nf3 Nc6 3. Nc3 Nf6 4. d4 cxd4 5. Nxd4 e5 6. Ndb5 d6 7. Bg5 a6 8. Na3 b5 9. Bxf6 gxf6 10. Nd5 f5 11. c3 Bg7 12. exf5 Bxf5 13. Nc2 O-O 14. Nce3 Be6 15. Bd3 f5 16. O-O e4 17. Nf4 Bf7 18. Be2 Qg5 19. Ned5 Be5 20. g3 Kh8 21. a4 Ne7 22. h4 Qh6 23. Nxe7 Bxf4 24. Nxf5 Qf6 25. gxf4 Qxf5 26. Qd4+ Kg8 27. Qe3 h5 28. Kh2 Kh7 29. Rg1 Rg8 30. Rg5 Rxg5 31. hxg5 Kg6 32. axb5 Bd5 33. bxa6 Rf8 34. Kg3 h4+ 35. Kh2 Qxf4+ 36. Qxf4 Rxf4 37. Kg1 Kxg5 38. a7 Rf8 39. Ra5 Ra8 40. Rxd5+ Kf4 41. Ra5 d5 42. Kh2 Ke5 43. Kh3 Kd6 44. Kxh4 Kc6 45. Kg4 Kb6 46. Ra4 Rxa7 47. Rxa7 Kxa7 48. Kf4 Kb6 49. Ke5 Kc5 50. b4+ 1-0


[Site "https://www.chess.com"]

[Event "Titled Tuesday Blitz April 4 Early 2023"]
[White "Levine, David"]
[Black "Jovic, Stanoje"]
[WhiteFideId "2011611"]
[BlackFideId "905020"]
[WhiteElo "2100"]
[BlackElo "2236"]
[Result "0-1"]
[Round "08"]
[TimeControl "180+2"]
[Date "2023.04.04"]
[WhiteClock "0:02:02"]
[BlackClock "0:02:07"]

1. d4 Nf6 2. c4 e6 3. g3 d5 4. Bg2 c6 5. Nf3 Be7 6. O-O O-O 7. Qc2 b5 8. b3 a5 9. Bb2 a4 10. Ne5 a3 11. Nxa3 Bxa3 12. Bxa3 Rxa3 13. Nxc6 Nxc6 14. cxb5 Nb4 15. Qc5 Qa5 16. Rfc1 Bd7 17. b6 Rb8 0-1


[Site "https://www.chess.com"]

[Event "Titled Tuesday Blitz April 4 Early 2023"]
[White "Mirzanurov, Bulat"]
[Black "Mikhaylova, Irina"]
[WhiteFideId "4184521"]
[BlackFideId "4109040"]
[WhiteElo "2019"]
[BlackElo "1975"]
[Result "1-0"]
[Round "08"]
[TimeControl "180+2"]
[Date "2023.04.04"]
[WhiteClock "0:00:03"]
[BlackClock "0:00:44"]

1. e4 c5 2. Nf3 Nc6 3. d4 cxd4 4. Nxd4 e5 5. Nb5 d6 6. c4 Be7 7. N1c3 a6 8. Na3 Be6 9. Nc2 Bg5 10. Ne3 Nf6 11. Nf5 Bxc1 12. Nxg7+ Kf8 13. Nxe6+ fxe6 14. Rxc1 Nd4 15. Ne2 Qa5+ 16. Qd2 Qxd2+ 17. Kxd2 Nxe4+ 18. Ke3 Nxe2 19. Bxe2 Nf6 20. Rhd1 Ke7 21. Bf3 Rab8 22. Rc3 Rhd8 23. Rb3 b5 24. cxb5 Rxb5 25. Rxb5 axb5 26. Rc1 Nd5+ 27. Bxd5 exd5 28. Rc7+ Ke6 29. Rxh7 d4+ 30. Kd3 Kd5 31. f3 Rg8 32. g4 Rf8 33. Ke2 d3+ 34. Ke3 d2 35. Kxd2 Rxf3 36. Ke2 Ke4 37. g5 Rf8 38. g6 Rg8 39. g7 d5 40. h4 d4 41. h5 d3+ 42. Kd1 d2 43. h6 Rc8 44. Rh8 1-0


[Site "https://www.chess.com"]

[Event "Titled Tuesday Blitz April 4 Early 2023"]
[White "Hrabinska, Myroslava"]
[Black "Vujcic, Milena"]
[WhiteFideId "14109190"]
[BlackFideId "954748"]
[WhiteElo "2039"]
[BlackElo "1882"]
[Result "0-1"]
[Round "08"]
[TimeControl "180+2"]
[Date "2023.04.04"]
[WhiteClock "0:00:04"]
[BlackClock "0:00:11"]

1. e4 e5 2. Nf3 Nc6 3. d4 exd4 4. c3 d5 5. exd5 Qxd5 6. cxd4 Nf6 7. Be2 Bb4+ 8. Nc3 Qa5 9. O-O O-O 10. Bd2 Bg4 11. a3 Bxc3 12. bxc3 Qf5 13. Rb1 Rab8 14. Rb5 Qd7 15. Qb1 Rfe8 16. Re1 Ne4 17. Qb2 Nxd2 18. Qxd2 Bxf3 19. gxf3 Re6 20. Rg5 Rbe8 21. d5 Rg6 22. Rxg6 hxg6 23. Rd1 Ne5 24. Qf4 Qh3 25. Qg3 Qf5 26. Kg2 g5 27. Bb5 c6 28. dxc6 bxc6 29. Ba4 Ng6 30. Rd4 Nf4+ 31. Rxf4 gxf4 32. Qh4 Qg6+ 33. Kh3 Qf5+ 34. Kg2 Re6 35. Qd8+ Kh7 0-1


[Site "https://www.chess.com"]

[Event "Titled Tuesday Blitz April 4 Early 2023"]
[White "Tagliata"]
[Black "Larina, Maria"]
[BlackFideId "24113182"]
[WhiteElo "2282"]
[BlackElo "1848"]
[Result "1/2-1/2"]
[Round "08"]
[TimeControl "180+2"]
[Date "2023.04.04"]
[WhiteClock "0:00:49"]
[BlackClock "0:00:14"]

1. e4 c6 2. Nc3 d5 3. Nf3 Bg4 4. h3 Bxf3 5. Qxf3 e6 6. Be2 Nd7 7. O-O Ngf6 8. d4 dxe4 9. Nxe4 Nxe4 10. Qxe4 Nf6 11. Qd3 Bd6 12. Bf3 O-O 13. a4 a5 14. Bg5 Be7 15. Rad1 h6 16. Bh4 Re8 17. Bg3 Bd6 18. Bxd6 Qxd6 19. c3 Nd5 20. Qe4 e5 21. Rfe1 Nf6 22. Qc2 exd4 23. Rxe8+ Rxe8 24. cxd4 Nd5 25. Qc5 Qd8 26. Bxd5 Qxd5 27. Qxd5 cxd5 28. Kf1 Rc8 29. Rd2 Rc1+ 30. Ke2 Ra1 31. b3 Rb1 32. Rd3 Rb2+ 33. Kf3 f6 34. Rc3 Kh7 35. Kg3 Kg6 36. f3 h5 37. h4 Kf5 38. Rc5 Ke6 39. Rxa5 Rxb3 40. Ra7 Rb4 41. a5 Rxd4 42. Rxb7 Ra4 43. Rb6+ Kf5 44. a6 g5 45. hxg5 fxg5 46. Rd6 h4+ 47. Kh2 Ke5 48. Rg6 Kf5 49. Rd6 Ke5 50. Rg6 Kf5 1/2-1/2


[Site "https://www.chess.com"]

[Event "Titled Tuesday Blitz April 4 Early 2023"]
[White "Nugumanov, Bakhtiyar"]
[Black "Matute Escobar, Roxanny"]
[WhiteFideId "13701797"]
[BlackFideId "3926028"]
[WhiteElo "2209"]
[BlackElo "1844"]
[Result "1-0"]
[Round "08"]
[TimeControl "180+2"]
[Date "2023.04.04"]
[WhiteClock "0:00:52"]
[BlackClock "0:00:33"]

1. Nf3 Nf6 2. g3 g6 3. Bg2 Bg7 4. O-O O-O 5. c4 d5 6. cxd5 Nxd5 7. Nc3 Nb6 8. d4 c6 9. e4 Bg4 10. e5 Na6 11. h3 Bf5 12. g4 Be6 13. Bf4 Nb4 14. Bg3 Nc4 15. Rb1 Qa5 16. a3 Nd5 17. Ne4 Rad8 18. Qe2 b5 19. Nc5 Bc8 20. e6 Kh8 21. exf7 Rxf7 22. Ne5 Nf4 23. Nxf7+ 1-0


[Site "https://www.chess.com"]

[Event "Titled Tuesday Blitz April 4 Early 2023"]
[White "Pirvulescu, Ekaterina"]
[Black "Floresvillar Gonzalez, Luis Migu"]
[WhiteFideId "13506374"]
[BlackFideId "5100542"]
[WhiteElo "2006"]
[BlackElo "2040"]
[Result "1-0"]
[Round "08"]
[TimeControl "180+2"]
[Date "2023.04.04"]
[WhiteClock "0:00:29"]
[BlackClock "0:00:03"]

1. e4 c6 2. d4 d5 3. exd5 cxd5 4. Nf3 Nc6 5. Ne5 Nxe5 6. dxe5 e6 7. Bd3 Ne7 8. O-O Nc6 9. f4 Bc5+ 10. Kh1 g6 11. Nc3 a6 12. Qe2 b5 13. Nd1 Bb7 14. Nf2 h5 15. c3 Qh4 16. Nh3 d4 17. a4 dxc3 18. bxc3 bxa4 19. Rxa4 Qxh3 20. gxh3 Nd4+ 21. Qe4 Bxe4+ 22. Bxe4 Ra7 23. cxd4 Bb6 24. Be3 O-O 25. Rfa1 Rd8 26. Kg2 a5 27. Kf3 Kg7 28. R1a2 f5 29. exf6+ Kxf6 30. Rb2 Rd6 31. Rg2 Rg7 32. Rc4 1-0


[Site "https://www.chess.com"]

[Event "Titled Tuesday Blitz April 4 Early 2023"]
[White "Winkels, Marcel"]
[Black "Clawitter, Craig"]
[WhiteFideId "1003887"]
[BlackFideId "2023105"]
[WhiteElo "1900"]
[BlackElo "2233"]
[Result "0-1"]
[Round "08"]
[TimeControl "180+2"]
[Date "2023.04.04"]
[WhiteClock "0:00:01"]
[BlackClock "0:00:09"]

1. d4 e6 2. e4 d5 3. Nc3 Bb4 4. e5 c5 5. a3 Bxc3+ 6. bxc3 Ne7 7. Bd3 c4 8. Be2 Qa5 9. Bd2 Nbc6 10. Nf3 Bd7 11. Rb1 O-O-O 12. O-O f6 13. Kh1 h5 14. Re1 Nf5 15. Bf1 Rdf8 16. g3 fxe5 17. Nxe5 Nxe5 18. Rxe5 Nd6 19. f3 h4 20. g4 Nf7 21. Re2 h3 22. Qe1 Qd8 23. Bf4 Ng5 24. Re3 Rxf4 25. Qg3 Rhf8 26. Be2 Qc7 27. Rf1 R4f7 28. f4 Ne4 29. Qxh3 Rxf4 30. Rxf4 Qxf4 31. Rf3 Qc1+ 32. Kg2 Rxf3 33. Qxf3 Qd2 34. Kf1 Nxc3 35. Qf8+ Kc7 36. Qc5+ Bc6 37. Qe7+ Kc8 38. Qf8+ Kc7 39. Qe7+ Kb6 40. Qc5+ Ka6 41. a4 Qxe2+ 42. Kg1 Qe1+ 43. Kg2 Qe2+ 44. Kg3 Ne4+ 45. Kh4 Nxc5 46. dxc5 Qe3 47. g5 Qxc5 48. Kh5 Qd4 49. Kg6 Qe5 50. h4 d4 51. h5 Be4+ 0-1


[Site "https://www.chess.com"]